AoeStats
← MooseMooch

Arabian Desert

508828307Analyzed
1v1 RM · 8d ago on Sep 24, 2026· 36m 32s· 2 players
Game mode
Random Map
Map size
Tiny (2 player)
Population
200
Speed
Normal
Resources
Standard
Victory
Conquest
Starting age
Dark Age
Ending age
Imperial Age
RankedLock teamsTeams togetherTeam positionsShared explorationLock speedFull tech treeHidden civsTurbo modeCheats
Victory
Defeat
🇩🇪 Magyars · Germany
1213
+18
🇨🇳 Khitans · China
1255
-18
nimite
6:43 Loom
9:46 Feudal Age
16:47 Double-Bit Axe
16:45 Domestication
19:47 Castle Age
17:55 Gold Mining
19:02 Forging
19:52 Scale Barding Armor
21:27 Town Watch
21:47 Husbandry
24:13 Wheelbarrow
25:55 Chain Barding Armor
26:23 Iron Casting
34:03 Hand Cart
38:15 Imperial Age
MooseMooch
6:33 Loom
8:57 Feudal Age
9:46 Double-Bit Axe
11:37 Horse Collar
17:17 Wheelbarrow
20:31 Castle Age
18:49 Gold Mining
19:08 Fletching
20:19 Bloodlines
21:10 Bodkin Arrow
21:51 Husbandry
26:28 Bow Saw
26:45 Ballistics
28:21 Heavy Plow
28:23 Padded Archer Armor
36:20 Imperial Age
34:48 Thumb Ring
35:43 Leather Archer Armor
37:05 Bracer
Connection lost

Rejoining the realm…

Still unreachable

The connection could not be restored.

Session expired

The server has moved on; the page needs a fresh start.